Map: Ulrena

Players

Flashroy

  • Race: Protoss Protoss
  • Spawn Location: 7:00

zidar - Winner!

  • Race: Zerg Zerg
  • League: Silver
  • Spawn Location: 11:00

VOD

Have the link to the VOD?

Description

Time

  • Played on: March 5, 2016, 9:35 a.m.
  • Length: 5:04
Show
View Real Time Build Order
Export as new Build Order

Flashroy Protoss 

Build Orders: Dark Templar Rush 

Get SALT Encoding   

  12  0:01  Probe (Chrono Boost)  
  13  0:11  Probe (Chrono Boost)  
  14  0:23  Pylon  
  14  0:25  Probe (Chrono Boost)  
  15  0:42  Probe (Chrono Boost)  
  16  0:44  Gateway  
  16  0:51  Assimilator  
  16  0:52  Probe (Chrono Boost)  
  17  1:07  Probe (Chrono Boost)  
  18  1:18  Probe (Chrono Boost)  
  19  1:28  Probe (Chrono Boost)  
  20  1:38  Zealot  
  20  1:39  Probe (Chrono Boost)  
  23  1:46  Cybernetics Core  
  23  1:54  Pylon  
  23  2:06  Nexus  
  23  2:12  Probe (Chrono Boost)  
  24  2:23  Probe (Chrono Boost)  
  24  2:27  Assimilator  
  25  2:36  Warp Gate  
  25  2:38  Mothership Core (Chrono Boost)  
  25  2:43  Stalker  
  29  3:02  Probe (Chrono Boost)  
  30  3:06  Twilight Council  
  31  3:12  Probe (Chrono Boost)  
  31  3:35  Pylon  
  26  3:46  Pylon  
  26  3:58  Dark Shrine  
  24  4:14  Pylon  
  14  4:36  Probe (Chrono Boost)  
  15  4:47  Probe (Chrono Boost)  
  15  4:52  Pylon  
Show
View Real Time Build Order
Export as new Build Order

zidar Zerg - Winner!

Build Orders: Pool First 

Get SALT Encoding   

  12  0:02  Drone  
  13  0:13  Overlord  
  13  0:17  Drone  
  14  0:31  Drone x2  
  14  0:34  Drone  
  17  0:48  Spawning Pool  
  16  0:50  Drone  
  17  1:15  Drone  
  18  1:20  Extractor  
  18  1:23  Hatchery  
  16  1:27  Drone  
  17  1:35  Queen  
  17  1:38  Drone  
  20  1:56  Zergling x4  
  20  2:00  Overlord  
  22  2:17  Queen  
  24  2:25  Zergling x4  
  25  2:30  Metabolic Boost  
  25  2:34  Zergling x2  
  26  2:43  Zergling x4  
  28  2:48  Zergling x6  
  28  2:49  Zergling x2  
  32  3:20  Drone x4  
  32  3:24  Overlord x2  
  35  3:43  Zergling x2  
  35  3:44  Zergling x10  
  41  3:52  Drone  
  32  4:34  Zergling x12  
  32  4:35  Zergling x4  
  40  4:47  Extractor  
  40  4:48  Drone x2  
Tags
 
League
Silver
Matchup
PvZ
Opening
Pool First
Spawn Locations
Close Positions
Add a new tag
Caveats
  • Supply blocks, unpowered buildings, or Contaminate may cause inaccurate times.
  • Supply counts are checked every 10 seconds.